Description

Standard Opening vs Protoss Very focused on the economy. Adapt the Spores crawler and the Baneling Nest to your needs

VOD

https://www.youtube.com/watch?v=FWXBmwS7Fjg

Build Order

Get SALT Encoding   

  13  0:15  Overlord  
  16  0:37  Drone  @200 mineral move drone to natural
  17  0:51  Hatchery  
  18  1:02  Extractor  
  18  1:18  Spawning Pool  
  19  1:34  Overlord  
  22  2:07  Metabolic Boost, Queen x2  take out 2 drones from the extractor
  28  2:21  Zergling x2  @Zerglings go to 3th Exp
  32  2:45  Hatchery  
  33  2:58  Overlord  
  34  3:06  Queen  Overlord scout enemy
  36  3:18  Queen  
  43  3:27  Spore Crawler   2 drones return to the extractor
  44  3:34  Overlord x2  
  43  3:44  Spore Crawler  
  44  3:50  Evolution Chamber x2  
  51  4:15  Overlord  
  51  4:20  Extractor  
  60  4:29  Zerg Melee Weapons Level 1  
  59  4:39  Baneling Nest  
Spawning Tool Build Advisor. Get it on Overwolf

Go to:

Details

  • Created by: Over
  • Published on: Feb 19, 2018
  • Modified on: Feb 19, 2018
  • Patch: 4.0.0
Show
View Real Time Build Order
Export as new Build Order

Comments (0)

There are no comments. Be the first!

Create an account to comment!